 Dungeon Crawl Stone Soup version 0.32-a0-17-gb74e046682 (webtiles) character file.

Game seed: 3043913608470936783

443 cforsyth the Trooper (level 7, -2/72 HPs)
             Began as an Oni Shapeshifter on Jan 15, 2024.
             Was an Initiate of Qazlal.
             Slain by Pikel
             ... wielding a +0 whip of flaming
              (4 damage)
             ... on level 4 of the Dungeon.
             The game lasted 00:04:04 (3515 turns).

cforsyth the Trooper (Oni Shapeshifter)             Turns: 3515, Time: 00:04:05

Health: -2/72      AC:  3    Str: 21 (23) XL:     7   Next: 2%
Magic:  7/7        EV:  9    Int: 11      God:    Qazlal [......]
Gold:   178        SH:  0    Dex:  6 (8)  Spells: 6/6 levels left

rFire   . . .        u - +4 mace "Boggiy" {freeze, rPois Str+2 Stlth+}
rCold   . . .        (no shield)
rNeg    . . .        a - +0 animal skin
rPois   +            (helmet currently unavailable)
rElec   .            (cloak currently unavailable)
rCorr   +            (gloves unavailable)
SInv    .            (boots unavailable)
Will    +....        (no amulet)
Stlth   ++           l - ring of willpower
HPRegen 0.32/turn    m - ring of resist corrosion
MPRegen 0.10/turn

%: no passive effects
@: beast-form
A: beast (slay +2), large, unfitting armour, horns 1, tough skin 1, double
potion healing, drunken brawling, mutation resistance 1
a: Begin Untransformation, Renounce Religion


You were on level 4 of the Dungeon.
You worshipped Qazlal.
Qazlal was noncommittal.
You were a hulking beast.
You visited 2 branches of the dungeon, and saw 5 of its levels.

You collected 178 gold pieces.

Inventory:

Hand Weapons
 s - a +5 spear of freezing
 u - the +4 mace "Boggiy" (weapon) {freeze, rPois Str+2 Stlth+}
   (You found it on level 4 of the Dungeon)

   Str+2:     It affects your strength (+2).
   rPois:     It protects you from poison Stlth+: It makes you more stealthy.
Armour
 a - a +0 animal skin (worn)
 b - a +0 buckler
 q - the +0 helmet of Beyond {+Inv rN+ Str+4 Stlth+}
   (You found it on level 3 of the Dungeon)

   Str+4:     It affects your strength (+4).
   rN+:       It protects you from negative energy.
   +Inv:      It lets you turn invisible.
   Stlth+:    It makes you more stealthy.
Jewellery
 k - a ring of magical power
 l - a ring of willpower (left hand)
 m - a ring of resist corrosion (right hand)
 t - a ring of flight
Talismans
 c - a beast talisman (active)
 d - a flux talisman
Scrolls
 f - a scroll of fear {unknown}
 g - a scroll of noise {unknown}
 h - 2 scrolls of identify {unknown}
 i - a scroll of revelation {unknown}
 j - 2 scrolls of amnesia {unknown}
 n - a scroll of blinking {unknown}
Potions
 e - a potion of enlightenment {unknown}
 o - 2 potions of curing
 p - a potion of resistance {unknown}
 r - 2 potions of might {unknown}


   Skills:
 + Level 5.4 Fighting
 + Level 2.4 Dodging
 - Level 4.1 Unarmed Combat
 + Level 4.7 Shapeshifting


You had 6 spell levels left.
You didn't know any spells.
Your spell library contained the following spells:

 Spells                   Type           Power      Damage    Failure   Level
 Lesser Beckoning         Tloc           0%         N/A       47%         2
 Gell's Gravitas          Tloc           0%         N/A       71%         3
 Teleport Other           Tloc           0%         N/A       71%         3


Dungeon Overview and Level Annotations

Branches:
Dungeon (4/15)             Temple (1/1) D:4

Altars:
Dithmenos
Elyvilon
Fedhas
Makhleb
Nemelex Xobeh
Qazlal
Ru
Sif Muna
Uskayaw
Xom
Zin

Annotations:
D:4 Pikel


Innate Abilities, Weirdness & Mutations

You are a hulking beast.
Your limbs bulge with bestial killing power. (Slay +2)
You are too large for most types of armour.
You have a pair of small horns on your head.
You have tough skin. (AC +1)
You gain doubled healing and magic from potions.
Whenever you drink a healing potion, you attack all around you.
You are somewhat resistant to further mutation.


Message History

The lemure is severely wounded.
Pikel closely misses you.
A lemure comes into view.
The lemure hits you but does no damage. The lemure hits you.
Pikel hits you with a +0 whip of flaming.
Pikel burns you.
You are too injured to fight recklessly!
You are too injured to fight recklessly!
You are too injured to fight recklessly!
You are too injured to fight recklessly!
You are too injured to fight recklessly!
You are too injured to fight recklessly!
You are too injured to fight recklessly!
You are too injured to fight recklessly!
You closely miss Pikel. You headbutt Pikel.
Pikel is lightly wounded.
Pikel closely misses you.
A lemure comes into view.
The lemure hits you.
The lemure shouts!
You hit Pikel. You freeze Pikel.
Pikel is moderately wounded.
Pikel hits you with a +0 whip of flaming.
Pikel burns you. The lemure barely misses you. Pikel completely misses you.
The lemure hits you!
* * * LOW HITPOINT WARNING * * *
You hit Pikel. You freeze Pikel.
Pikel is moderately wounded.
Pikel hits you with a +0 whip of flaming.
* * * LOW HITPOINT WARNING * * *
Pikel burns you.
* * * LOW HITPOINT WARNING * * *
The lemure completely misses you. The lemure attacks as it pursues you!
The lemure hits you but does no damage. Pikel attacks as he pursues you!
Pikel hits you with a +0 whip of flaming!
* * * LOW HITPOINT WARNING * * *
Pikel burns you.
You die...
Pikel says, "Another soul for the market."

#.# # #.# .# #. #.#
..# ####.##.## ..#
.........# ##.##
.........# ##...#
.........## ##....#
.>.....5.K####...).#
.........5h........###
#.
.$......5.####.......#
#. ......$...#
##.....## #.
..........# ##....# #.
..........# ##..## #.
..#.$...#.#
#..#######. .##.###.#
#####.......... #.
#..................
######.###......


You could see Pikel and 3 lemures.

Vanquished Creatures
  Sigmund (D:4)
  A lemure (D:4)
  A wight (D:4)
  An orc priest (D:3)
  Jessica (D:2)
  Terence (D:2)
  An orc wizard (D:3)
  2 adders (D:2)
  4 gnolls (D:3)
  6 orcs (D:3)
  4 bats
  4 endoplasms
  A giant cockroach (D:3)
  8 goblins
  A hobgoblin (D:3)
  13 jackals
  2 quokkas (D:1)
  3 ball pythons
  2 frilled lizards
  5 kobolds
  A rat (D:2)
63 creatures vanquished.

Notes
Turn   | Place    | Note
-------+----------+-------------------------------------------
     0 | D:1      | cforsyth the Oni Shapeshifter began the quest for the Orb.
     0 | D:1      | Reached XP level 1. HP: 19/19 MP: 1/1
    83 | D:1      | Reached XP level 2. HP: 17/28 MP: 2/2
    84 | D:1      | Reached skill level 2 in Fighting
   372 | D:1      | Reached XP level 3. HP: 33/36 MP: 3/3
   894 | D:2      | Noticed Jessica
   896 | D:2      | Killed Jessica
   897 | D:2      | Reached skill level 3 in Fighting
  1033 | D:2      | Reached XP level 4. HP: 43/45 MP: 4/4
  1158 | D:2      | Noticed Terence
  1173 | D:2      | Killed Terence
  2126 | D:3      | Reached XP level 5. HP: 33/54 MP: 5/5
  2129 | D:3      | Reached skill level 4 in Fighting
  2336 | D:3      | Gained mutation: You expend magic power (3 MP) to
                  | strengthen your wands. [potion of mutation]
  2336 | D:3      | Gained mutation: You are weak. (Str -2) [potion of
                  | mutation]
  2336 | D:3      | Lost mutation: You expend magic power (3 MP) to strengthen
                  | your wands. [potion of mutation]
  2336 | D:3      | Gained mutation: Your flesh is heat resistant. (rF+)
                  | [potion of mutation]
  2359 | D:3      | Lost mutation: Your flesh is heat resistant. (rF+) [potion
                  | of mutation]
  2359 | D:3      | Lost mutation: You are weak. (Str -2) [potion of mutation]
  2359 | D:3      | Gained mutation: You are somewhat resistant to further
                  | mutation. [potion of mutation]
  2947 | D:3      | Found a shimmering altar of Xom.
  2973 | D:3      | Reached XP level 6. HP: 62/63 MP: 6/6
  3242 | D:3      | Identified the +0 helmet of Beyond {+Inv rN+ Str+4 Stlth+}
  3270 | D:4      | Found a staircase to the Ecumenical Temple.
  3308 | Temple   | Entered the Ecumenical Temple
  3321 | Temple   | Became a worshipper of Qazlal Stormbringer
  3400 | D:4      | Noticed Sigmund
  3412 | D:4      | Killed Sigmund
  3413 | D:4      | Reached skill level 5 in Fighting
  3413 | D:4      | Reached XP level 7. HP: 54/72 MP: 7/7
  3479 | D:4      | Identified the +4 mace "Boggiy" {freeze, rPois Str+2
                  | Stlth+}
  3506 | D:4      | Noticed Pikel
  3515 | D:4      | HP: 2/72 [Pikel/+0 whip of flaming (10)]
  3515 | D:4      | Slain by Pikel

Illustrated notes

Levels and vault maps discovered:
D:1:      tarquinn_simple_flora_water_b, layout_basic
D:2:      layout_basic, uniq_jessica, uniq_terence
D:3:      layout_loops_ring, mainiacjoe_overflow_tiny_flanked,
          serial_bayou_pond_d
D:4:      layout_loops_ring, grunt_temple_overflow_holy_war,
          mainiacjoe_overflow_swirl, minmay_temple_entry_mist,
          nicolae_shop_gadgets, uniq_pikel, uniq_sigmund
Temple:   dpeg_chambers_temple

Skill      XL: |  1  2  3  4  5  6 |
---------------+-------------------+-----
Fighting       | 2 3 4 5 |  5.4
Unarmed Combat | 3 4 |  4.1
Shapeshifting  | 4 |  4.7
Dodging        | 2 |  2.4

Action                     |  1- 3 |  4- 6 |  7- 9 || total
---------------------------+-------+-------+-------++-------
  Melee: Unarmed           |    60 |   104 |       ||   164
         Headbutt          |     5 |    17 |     2 ||    24
         Punch             |       |     2 |       ||     2
         Spear             |       |    10 |       ||    10
         Mace              |       |       |    13 ||    13
    Use: Potion            |       |     6 |       ||     6
 Armour: Animal skin       |    58 |    80 |    18 ||   156
         Skin              |       |     3 |       ||     3
  Dodge: Dodged            |    39 |    52 |     7 ||    98
   Form: Beast             |       |     1 |       ||     1
         Flux              |       |     1 |       ||     1

Table legend: (Time is in decaauts)
 A = Elapsed time spent in this place.
 B = Non-inter-level travel time spent in this place.
 C = Inter-level travel time spent in this place.
 D = Time resting spent in this place.
 E = Time spent auto-exploring this place.
 F = Levels seen in this place.
 G = Mean time per level.
                   A        B        C        D        E       F      G
               +--------+--------+--------+--------+--------+-----+--------+
         Total |   3507 |   3370 |    137 |    256 |   2666 |   5 |  701.4 |
       Dungeon |   3480 |   3356 |    124 |    256 |   2666 |   4 |  870.0 |
        Temple |     26 |     13 |     13 |      0 |      0 |   1 |   26.0 |
               +--------+--------+--------+--------+--------+-----+--------+

Top non-repeatable levels by time:
     D:2: 1243 daAuts
     D:3: 1143 daAuts
     D:1: 859 daAuts
     D:4: 234 daAuts
  Temple: 26 daAuts
